Map: Blackburn LE

Players

Pumba - Winner!

  • Race: Protoss Protoss
  • League: Diamond
  • Spawn Location: 5:00

Infinite

  • Race: Zerg Zerg
  • League: Grandmaster
  • Spawn Location: 7:00

VOD

Have the link to the VOD?

Description

Time

  • Played on: March 22, 2022, 6:51 p.m.
  • Length: 9:05
Show
View Real Time Build Order
Export as new Build Order

Pumba Protoss - Winner!

Build Orders: Zealot Archon, Archon Drop, Dark Templar Rush 

Get SALT Encoding   

  12  0:00  Probe  
  13  0:12  Probe  
  14  0:21  Pylon  
  14  0:25  Probe  
  15  0:39  Probe (Chrono Boost)  
  16  0:43  Gateway  
  17  0:50  Probe (Chrono Boost)  
  17  0:54  Assimilator  
  17  0:55  Probe (Chrono Boost)  
  18  1:07  Probe  
  19  1:19  Probe  
  20  1:26  Pylon  
  20  1:28  Zealot (Chrono Boost)  
  20  1:31  Gateway  
  21  1:33  Cybernetics Core  
  21  1:34  Probe  
  22  1:47  Zealot (Chrono Boost)  
  24  2:08  Nexus  
  24  2:11  Adept (Chrono Boost)  
  26  2:16  Warp Gate  
  26  2:24  Adept (Chrono Boost)  
  26  2:28  Assimilator  
  28  2:38  Probe  
  29  2:50  Probe  
  30  2:54  Pylon  
  30  3:02  Probe  
  31  3:08  Twilight Council  
  31  3:15  Probe  
  31  3:19  Robotics Facility  
  32  3:22  Probe  
  34  3:27  Probe  
  34  3:34  Probe  
  35  3:39  Probe  
  32  3:42  Gateway  
  32  3:44  Gateway  
  32  3:48  Dark Shrine  
  32  3:51  Probe (Chrono Boost)  
  32  3:54  Probe (Chrono Boost)  
  34  4:01  Probe (Chrono Boost)  
  36  4:03  Probe (Chrono Boost)  
  36  4:08  Probe x2 (Chrono Boost)  
  38  4:13  Assimilator  
  38  4:15  Pylon  
  38  4:17  Probe  
  38  4:21  Probe  
  38  4:24  Warp Prism (Chrono Boost)  
  40  4:29  Probe (Chrono Boost)  
  43  4:32  Stalker  
  43  4:36  Assimilator  
  46  4:39  Probe (Chrono Boost)  
  46  4:41  Probe (Chrono Boost)  
  47  4:49  Probe x2 (Chrono Boost)  
  47  4:51  Pylon  
  49  4:59  Probe x2  
  51  5:11  Probe x2  
  53  5:15  Dark Templar x4  
  61  5:23  Observer (Chrono Boost), Probe  
  63  5:36  Immortal (Chrono Boost)  
  63  5:37  Probe  
  63  5:40  Charge  
  63  5:42  Gateway  
  68  5:43  Gateway  
  68  5:47  Probe  
  69  6:00  Gateway  
  69  6:03  Gateway  
  69  6:05  Gateway  
  69  6:06  Archon x2, Pylon  
  69  6:17  Nexus  
  69  6:24  Immortal (Chrono Boost)  
  73  6:49  Pylon  
  73  6:51  Pylon  
  73  6:52  Pylon  
  73  6:53  Immortal (Chrono Boost), Pylon  
  77  6:55  Pylon  
  77  7:09  Dark Templar x3  
  77  7:10  Dark Templar  
  77  7:11  Dark Templar  
  77  7:12  Dark Templar  
  89  7:23  Archon x2  
  89  7:24  Archon  
  89  7:46  Dark Templar x2  
  89  7:47  Dark Templar x2  
  89  7:49  Zealot x5  
  89  7:50  Archon  
  107  7:51  Archon  
  107  8:12  Zealot x5  
  117  8:24  Zealot x4  
  105  8:36  Zealot x5  
Show
View Real Time Build Order
Export as new Build Order

Infinite Zerg 

Build Orders: Pool First 

Get SALT Encoding   

  12  0:17  Spawning Pool  
  11  0:22  Drone  
  11  0:26  Drone  
  13  0:30  Drone  
  14  0:39  Overlord  
  14  1:03  Zergling x4, Queen  
  18  1:05  Zergling x2  
  19  1:15  Zergling x2  
  20  1:29  Hatchery  
  19  1:33  Zergling x2  
  20  1:41  Overlord  
  20  1:47  Drone  
  21  2:06  Drone  
  21  2:07  Queen  
  24  2:13  Drone x2  
  24  2:14  Drone  
  27  2:20  Drone  
  28  2:26  Drone  
  29  2:36  Extractor  
  28  2:38  Drone  
  28  2:42  Queen  
  31  2:48  Queen  
  33  2:51  Overlord  
  33  2:55  Drone  
  33  2:57  Drone  
  35  3:00  Drone  
  36  3:10  Drone x3  
  39  3:19  Drone x4  
  43  3:22  Drone  
  43  3:35  Drone x2  
  44  3:41  Overlord x2  
  44  3:50  Extractor  
  44  3:51  Drone, Overlord  
  44  4:00  Hatchery  
  43  4:06  Drone  
  43  4:07  Drone x2  
  46  4:11  Drone  
  46  4:12  Drone x2  
  51  4:17  Drone x2  
  51  4:21  Drone  
  51  4:23  Evolution Chamber  
  51  4:30  Roach Warren  
  50  4:37  Overlord x3  
  50  4:42  Drone x3  
  53  4:48  Drone x3  
  56  4:54  Drone x2  
  58  5:03  Zergling x2  
  58  5:04  Zergling x2  
  59  5:10  Spore Crawler  
  59  5:11  Roach  
  59  5:12  Roach x2  
  66  5:14  Roach  
  66  5:16  Roach x3  
  66  5:17  Roach  
  66  5:19  Spore Crawler  
  73  5:22  Spore Crawler  
  73  5:26  Spore Crawler  
  71  5:31  Spore Crawler  
  71  5:33  Spore Crawler  
  71  5:34  Spore Crawler  
  65  5:37  Lair  
  61  5:48  Drone x6  
  61  5:49  Drone  
  68  5:51  Drone  
  68  5:52  Drone  
  70  6:02  Queen  
  72  6:04  Zerg Missile Weapons Level 1  
  72  6:08  Drone x2  
  72  6:10  Spore Crawler  
  72  6:11  Metabolic Boost  
  73  6:19  Drone x5  
  73  6:23  Extractor  
  76  6:28  Roach x3  
  82  6:38  Drone, Roach x4  
  82  6:39  Drone  
  90  6:44  Overlord x2  
  90  6:48  Overseer  
  90  6:55  Hatchery  
  90  6:58  Overlord x2  
  89  7:06  Glial Reconstitution  
  89  7:08  Drone x5  
  91  7:14  Drone x4  
  91  7:15  Drone  
  98  7:26  Extractor  
  98  7:27  Drone x7  
  98  7:28  Overlord  
  104  7:31  Ravager x2  
  104  7:36  Extractor  
  105  7:37  Drone x2  
  105  7:39  Baneling Nest  
  106  7:45  Extractor  
  106  7:47  Overseer  
  105  7:54  Roach  
  105  7:55  Roach x4  
  105  7:57  Zergling x16  
  105  7:58  Zergling x4  
  124  7:59  Roach  
  126  8:10  Overlord x4  
  112  8:23  Roach x2  
  112  8:24  Roach x6, Overlord  
Tags
 
Add a new tag
Caveats
  • Supply blocks, unpowered buildings, or Contaminate may cause inaccurate times.
  • Supply counts are checked every 10 seconds.